 Dungeon Crawl Stone Soup version 0.31-a0-348-g810772c3d7 (webtiles) character file.

Game seed: 7503137013050703593

13906 AdnanSaban the Basher (level 12, -5/76 HPs)
             Began as a Gargoyle Fighter on July 23, 2023.
             Was a High Priest of Okawaru.
             Killed from afar by a starcursed mass (15 damage)
             ... with an accursed screaming
             ... on level 2 of the Abyss.
             The game lasted 00:20:37 (13096 turns).

AdnanSaban the Basher (Gargoyle Fighter)           Turns: 13096, Time: 00:20:38

Health: -5/76      AC: 26    Str: 30 (31) XL:     12   Next: 10%
Magic:  12/12      EV: 11    Int:  6 (9)  God:    Okawaru [*****.]
Gold:   690        SH:  0    Dex: 12 (15) Spells: 11/11 levels left

rFire   + . .        F - +2 dire flail (protect)
rCold   . . .        (shield currently unavailable)
rNeg    + . .        Q - +6 scale mail "Cuysieta" {rF+}
rPois   ∞            m - +0 helmet
rElec   +            E - +0 cloak
rCorr   .            (no gloves)
SInv    .            (no boots)
Will    .....        (no amulet) Stlth
                     n - +6 ring of strength
HPRegen 0.32/turn    i - +6 ring of dexterity
MPRegen 0.13/turn

%: no passive effects
@: very slow
A: sickness immunity, AC +8, negative energy resistance 1, electricity
resistance, torment resistance 1, petrification resistance
a: Renounce Religion, Heroism, Finesse, Duel


You were on level 2 of the Abyss.
You worshipped Okawaru.
Okawaru was extremely pleased with you.
You visited 2 branches of the dungeon, and saw 12 of its levels.
You visited the Abyss 1 time.
You also visited: Sewer and Ossuary.

You collected 690 gold pieces.

Inventory:

Hand Weapons
 a - a +0 flail
 u - a +0 whip of freezing
 F - a +2 dire flail of protection (weapon)
Missiles
 J - 25 poisoned darts
Armour
 c - a +0 buckler
 m - a +0 helmet (worn)
 E - a +0 cloak (worn)
 Q - the +6 scale mail "Cuysieta" (worn) {rF+}
   (Okawaru gifted it to you on level 11 of the Dungeon)

   rF:        It protects you from fire.
Jewellery
 g - a ring of wizardry
 i - a +6 ring of dexterity (right hand)
 n - a +6 ring of strength (left hand)
 x - an amulet of the acrobat
 D - an amulet of regeneration
 I - a +6 ring of dexterity
 L - a ring of magical power
Wands
 A - a wand of flame (54) (quivered)
Scrolls
 b - 17 scrolls of identify {unknown}
 e - 5 scrolls of enchant weapon {unknown}
 h - 2 scrolls of poison {unknown}
 j - 5 scrolls of revelation {unknown}
 k - 2 scrolls of enchant armour {unknown}
 o - 2 scrolls of vulnerability {unknown}
 t - 5 scrolls of teleportation {unknown}
 y - a scroll of blinking {unknown}
 B - a scroll of torment {unknown}
 G - 2 scrolls of immolation {unknown}
 M - a scroll of noise {unknown}
 N - a scroll of silence {unknown}
 P - a scroll of brand weapon {unknown}
Potions
 d - 2 potions of might
 f - a potion of attraction {unknown}
 l - 4 potions of degeneration
 p - 3 potions of cancellation {unknown}
 q - 4 potions of curing
 r - a potion of invisibility {unknown}
 s - 2 potions of enlightenment {unknown}
 v - a potion of berserk rage
 w - 4 potions of brilliance {unknown}
 C - a potion of lignification {unknown}
 H - a potion of ambrosia {unknown}
 K - a potion of haste {unknown}
 O - a potion of mutation {unknown}


   Skills:
 + Level 9.2 Fighting
 + Level 13.3 Maces & Flails
 + Level 10.4 Armour
 + Level 3.0 Dodging
 + Level 7.7 Shields
 + Level 1.0 Evocations


You had 11 spell levels left.
You didn't know any spells.
Your spell library contained the following spells:

 Spells                   Type           Power      Damage    Failure   Level
 Apportation              Tloc           0%         N/A       65%         1
 Freeze                   Ice            0%         1d3       65%         1
 Necrotise                Necr           0%         1d4       65%         1
 Sting                    Tmut/Pois      0%         1d3       65%         1
 Ensorcelled Hibernation  Hex/Ice        0%         N/A       80%         2
 Poisonous Vapours        Pois/Air       0%         N/A       80%         2
 Static Discharge         Conj/Air       0%         2-2/arc   80%         2
 Wereblood                Tmut           0%         N/A       80%         2
 Frozen Ramparts          Ice            0%         1d1       95%         3
 Hailstorm                Conj/Ice       0%         3d3       95%         3
 Airstrike                Air            0%         2d(0-16)  100%        4
 Anguish                  Hex/Necr       0%         N/A       100%        4
 Olgreb's Toxic Radiance  Pois           0%         N/A       100%        4
 Irradiate                Conj/Tmut      0%         3d11      100%        5
 Summon Small Mammal      Summ           Unusable   N/A       N/A         1
 Summon Lightning Spire   Summ/Air       Unusable   N/A       N/A         4

Dungeon Overview and Level Annotations

Branches:
Dungeon (11/15)            Temple (1/1) D:7            Lair (0/5) D:11
    Orc (0/2) D:11          Sewer (visited)         Ossuary (visited)

Altars:
Ashenzari
Cheibriados
Dithmenos
Elyvilon
Fedhas
Gozag
Hepliaklqana
Kikubaaqudgha
Makhleb
Nemelex Xobeh
Okawaru
Qazlal
Ru
Sif Muna
Trog
Uskayaw
Vehumet
Wu Jian
Xom
Yredelemnul
Zin
The Shining One

Shops:
D:4 =   D:5 ?

Annotations:
D:5 1 runed translucent door, Crazy Yiuf
D:11 Erolcha


Innate Abilities, Weirdness & Mutations

You are immune to sickness and miasma.
Your stone body is resilient. (AC +8)
You are immune to poison.
You resist negative energy. (rN+)
You are resistant to electric shocks. (rElec)
You are resistant to unholy torment.
You are immune to petrification.


Message History

The small abomination hits you but does no damage.
You impale the small abomination!!
You destroy the small abomination!
Okawaru accepts your kill.
A starcursed mass splits.
A chorus of shrieks assaults your mind.
You hit the starcursed mass.
The starcursed mass is lightly damaged.
The starcursed mass shudders and withdraws towards its neighbour. x2
The ufetubus barely misses you.
The ufetubus hits you but does no damage.
A starcursed mass splits.
The ufetubus barely misses you. The ufetubus misses you.
You barely miss the wizard. The starcursed mass closely misses you.
A deafening chorus of shrieks assaults your mind!
* * * LOW HITPOINT WARNING * * *
You suddenly lose the ability to move!
The ufetubus hits you but does no damage. x2
The ufetubus hits you but does no damage. x2
A deafening chorus of shrieks assaults your mind!
* * * LOW HITPOINT WARNING * * *
The starcursed mass touches you but does no damage.
You can move again.
Unknown command.
The starcursed mass attacks as you move away!
The starcursed mass closely misses you.
You enter the shallow water.
Moving in this stuff is going to be slow.
A starcursed mass splits.
The wizard mumbles some strange words.
The wizard flickers and vanishes!
Deactivating autopickup; reactivate with Ctrl-A.
It was a potion of degeneration.
There was something very wrong with that liquid.
You feel weakened.
You feel dopey.
You feel clumsy.
A starcursed mass splits. x2
It was a potion of curing.
You feel better. The starcursed mass misses you.
The starcursed mass touches you but does no damage.
Your unstable footing causes you to fumble your attack.
A deafening chorus of shrieks assaults your mind!
You die...

.>.# . ##....
#. .. # ... ..
. # ..... ...
######......#
#♣XXXX.X..... .
. #XX5{#..
#...#.
#@#.##......X .
######.....∩X#X
. ...#....X
.5.# #.
##.....#. . ♣
#. ..X###. ###
###.# ## #..# #
.#.. # # . #


You could see 7 starcursed masses and an ufetubus.

Vanquished Creatures
  2 two-headed ogres
  Pikel (D:4)
  A phantasmal warrior (Abyss:2)
  A manticore (D:7)
  Maggie (D:8)
  A gargoyle (D:10)
  3 unseen horrors
  3 komodo dragons
  A kobold demonologist (D:11)
  A troll (D:5)
  2 hornets
  A small abomination (Abyss:2)
  Sigmund (D:6)
  2 wyverns (D:8)
  A wraith (D:7)
  3 steam dragons
  17 yaks
  A warg (D:11)
  Pargi (Sewer)
  5 orc warriors
  An ice beast (D:6)
  2 black bears
  2 sky beasts
  2 centaurs
  2 phantoms
  4 bullfrogs
  3 kobold brigands
  3 water moccasin zombies (Ossuary)
  5 scorpions
  5 wights
  18 killer bees
  5 howler monkeys
  3 lava snakes (D:10)
  2 jellies
  4 gnoll boudas
  5 orc priests
  2 hounds
  3 sleepcaps
  4 iguanas
  6 orc wizards
  2 mummies (Ossuary)
  17 gnolls
  9 adders
  A river rat (D:5)
  4 white imps
  2 ufetubi (D:5)
  2 adder zombies (Ossuary)
  A worm (D:2)
  2 dart slugs
  35 orcs
  2 ball pythons
  7 endoplasms
  3 giant cockroaches
  6 goblins
  3 hobgoblins
  7 jackals (D:5)
  5 quokkas
  7 bats
  4 frilled lizards
  3 gnoll zombies (Ossuary)
  8 hobgoblin zombies (Ossuary)
  19 kobolds
  6 kobold zombies (Ossuary)
  5 orc zombies (Ossuary)
  6 rats
296 creatures vanquished.

Vanquished Creatures (others)
  A vampire (D:7)
1 creature vanquished.

Grand Total: 297 creatures vanquished

Notes
Turn   | Place    | Note
-------+----------+-------------------------------------------
     0 | D:1      | AdnanSaban the Gargoyle Fighter began the quest for the
                  | Orb.
     0 | D:1      | Reached XP level 1. HP: 14/14 MP: 1/1
     9 | D:1      | You fall into a shaft and drop 1 floor!
    88 | D:1      | Reached XP level 2. HP: 9/19 MP: 2/2
   665 | D:1      | Reached XP level 3. HP: 23/23 MP: 3/3
  1356 | D:2      | Reached skill level 3 in Maces & Flails
  1356 | D:2      | Reached XP level 4. HP: 28/28 MP: 4/4
  1464 | D:2      | Found a stormy altar of Qazlal.
  2179 | D:3      | Reached XP level 5. HP: 31/33 MP: 5/5
  2195 | D:3      | Found a shimmering blue altar of Sif Muna.
  2700 | D:4      | Reached skill level 4 in Maces & Flails
  2794 | D:4      | Reached XP level 6. HP: 33/38 MP: 6/6
  2963 | D:4      | Noticed Pikel
  3166 | D:4      | Found a sand-covered staircase.
  3171 | Ossuary  | Entered an ossuary
  3205 | Ossuary  | Reached skill level 5 in Maces & Flails
  3257 | Ossuary  | Reached skill level 1 in Dodging
  3315 | Ossuary  | Reached XP level 7. HP: 38/44 MP: 7/7
  3769 | D:4      | Found Miehieb's Jewellery Emporium.
  3853 | D:4      | Killed Pikel
  3854 | D:4      | Reached skill level 5 in Fighting
  3854 | D:4      | Reached skill level 6 in Maces & Flails
  3854 | D:4      | Reached skill level 5 in Armour
  3854 | D:4      | Reached XP level 8. HP: 39/49 MP: 8/8
  3945 | D:4      | Found a sparkling altar of Nemelex Xobeh.
  3945 | D:4      | Found an opulent altar of Gozag.
  4053 | D:5      | Entered Level 5 of the Dungeon
  4058 | D:5      | Reached skill level 7 in Maces & Flails
  4102 | D:5      | Found a glowing drain.
  4112 | Sewer    | Entered a sewer
  4146 | Sewer    | Noticed Pargi
  4164 | Sewer    | Killed Pargi
  4275 | D:5      | Noticed a troll
  4858 | D:5      | Reached skill level 8 in Maces & Flails
  4858 | D:5      | Reached skill level 5 in Shields
  4911 | D:5      | Killed an unseen horror
  4912 | D:5      | Reached XP level 9. HP: 43/55 MP: 9/9
  5126 | D:5      | Found Inih's Magic Scroll Emporium.
  5256 | D:5      | Found a runed translucent door.
  5257 | D:5      | Noticed Crazy Yiuf
  5577 | D:5      | Reached skill level 9 in Maces & Flails
  6734 | D:6      | Noticed Sigmund
  6740 | D:6      | Killed Sigmund
  6745 | D:6      | Reached XP level 10. HP: 58/61 MP: 10/10
  7541 | D:7      | Found a staircase to the Ecumenical Temple.
  7552 | Temple   | Found a transporter.
  7552 | Temple   | Found a transporter.
  7552 | Temple   | Found a transporter.
  7552 | Temple   | Found a transporter.
  7552 | Temple   | Entered the Ecumenical Temple
  7590 | Temple   | Became a worshipper of Warmaster Okawaru
  7710 | D:7      | Reached skill level 10 in Maces & Flails
  8146 | D:7      | Noticed a manticore
  8486 | D:7      | Killed a manticore
  8486 | D:7      | Reached * piety under Okawaru
  9106 | D:8      | Noticed Maggie
  9125 | D:8      | Killed Maggie
  9324 | D:8      | Reached skill level 11 in Maces & Flails
  9882 | D:8      | Reached ** piety under Okawaru
 10600 | D:8      | Reached XP level 11. HP: 62/68 MP: 11/11
 10642 | D:9      | Found a glowing silver altar of Zin.
 10652 | D:9      | Found a broken altar of Ashenzari.
 10656 | D:9      | Saw a vision of the Swamp and the Snake Pit.
 10656 | D:9      | Noticed a five-headed hydra
 10656 | D:9      | Noticed a bunyip
 10656 | D:9      | Noticed a naga sharpshooter
 10656 | D:9      | Noticed a bunyip
 10657 | D:9      | Noticed a shock serpent
 11063 | D:9      | Reached *** piety under Okawaru
 11092 | D:9      | Noticed a two-headed ogre
 11099 | D:9      | Killed a two-headed ogre
 11258 | D:10     | Entered Level 10 of the Dungeon
 11344 | D:10     | Reached skill level 12 in Maces & Flails
 11472 | D:10     | Reached **** piety under Okawaru
 12090 | D:10     | Noticed a two-headed ogre
 12098 | D:10     | Killed a two-headed ogre
 12098 | D:10     | Reached ***** piety under Okawaru
 12099 | D:10     | Reached skill level 10 in Armour
 12556 | D:11     | Reached skill level 13 in Maces & Flails
 12639 | D:11     | Reached XP level 12. HP: 76/76 MP: 12/12
 12646 | D:11     | Found a staircase to the Orcish Mines.
 12690 | D:11     | Reached skill level 1 in Evocations
 12721 | D:11     | Identified the +6 scale mail "Cuysieta" {rF+} (Okawaru
                  | gifted it to you on level 11 of the Dungeon)
 12721 | D:11     | Received a gift from Okawaru
 12722 | D:11     | Found a staircase to the Lair.
 12854 | D:11     | Noticed Erolcha
 12870 | Abyss:2  | Cast into level 2 of the Abyss (Erolcha)
 13064 | Abyss:2  | Noticed a starcursed mass
 13069 | Abyss:2  | Noticed a starcursed mass
 13070 | Abyss:2  | Noticed a wretched star
 13091 | Abyss:2  | Paralysed by accursed screaming for 1 turns
 13092 | Abyss:2  | HP: 3/76 [starcursed mass/accursed screaming (12)]
 13096 | Abyss:2  | Killed from afar by a starcursed mass

Illustrated notes

Levels and vault maps discovered:
D:1:      ldierk_walled_garden, layout_loops_ring, serial_forest,
          infiniplex_forest_lined_2, infiniplex_forest_lined_2,
          infiniplex_forest_lined_3, infiniplex_forest_straight_3,
          infiniplex_forest_end_2, infiniplex_forest_clump_large,
          infiniplex_forest_clump_medium, wander_ebering_terrifying_dragon_lair
D:2:      layout_basic, basic_altar, minmay_fractal_squares_gapless_5
D:3:      layout_basic, mainiacjoe_overflow_concentric_impassable
D:4:      layout_loops_ring, grunt_temple_overflow_opulence, enter_ossuary_5,
          kennysheep_small_circle, uniq_pikel
D:5:      cheibrodos_fzero, layout_basic, portal_sewer_entry_a, serial_shops,
          nicolae_shop_tiny_statue_garden,
          nicolae_concentric_dashed_squares_wild, uniq_crazy_yiuf_cottage
D:6:      layout_layer_cave, uniq_sigmund
D:7:      nzn_winding_woodlands_medium [nzn_winding_woodlands_5x5_closed_star,
          nzn_winding_woodlands_5x15_sawtooth,
          nzn_winding_woodlands_5x5_perimeter, nzn_winding_woodlands_5x5_cross,
          nzn_winding_woodlands_center_triple_pond,
          nzn_winding_woodlands_5x5_checkerboard,
          nzn_winding_woodlands_5x5_default, nzn_winding_woodlands_5x15_pockets,
          nzn_winding_woodlands_5x5_open_star], layout_gridville,
          minmay_temple_entry_glassed_door
D:8:      layout_layer_cave, uniq_maggie
D:9:      layout_roguey, grunt_ashenzari_visionary
          [grunt_ashenzari_visionary_swamp, grunt_ashenzari_visionary_snake],
          zin_academy
D:10:     layout_loops_ring, kennysheep_boxes
D:11:     layout_irregular_city, david_lair_shrubbed, david_orc_3, uniq_erolcha
Temple:   hellmonk_temple_divided_pantheon
Abyss:2:  base:
D:4

Skill      XL: |  1  2  3  4  5  6  7  8  9 10 11 12 |
---------------+-------------------------------------+-----
Maces & Flails | 3 4 5 6 8 9 11 13 | 13.3
Armour         | 4 5 6 7 8 10 | 10.4
Shields        | 4 5 6 7 |  7.7
Fighting       | 4 5 6 7 9 |  9.2
Dodging        | 1 2 3 |  3.0
Evocations     | 1 |  1.0

Action                     |  1- 3 |  4- 6 |  7- 9 | 10-12 || total
---------------------------+-------+-------+-------+-------++-------
  Melee: Flail             |   153 |   204 |   468 |   273 ||  1098
         Dire flail        |       |       |       |   333 ||   333
  Evoke: Wand              |       |       |       |     6 ||     6
    Use: Potion            |       |       |       |     2 ||     2
 Armour: Scale mail        |    23 |       |       |    13 ||    36
         Chain mail        |    44 |   125 |   293 |       ||   462
         Plate armour      |       |       |   136 |   380 ||   516
  Dodge: Dodged            |    60 |    69 |   328 |   250 ||   707
  Block: Buckler           |    27 |    41 |   148 |    94 ||   310

Table legend: (Time is in decaauts)
 A = Elapsed time spent in this place.
 B = Non-inter-level travel time spent in this place.
 C = Inter-level travel time spent in this place.
 D = Time resting spent in this place.
 E = Time spent auto-exploring this place.
 F = Levels seen in this place.
 G = Mean time per level.
                   A        B        C        D        E       F      G
               +--------+--------+--------+--------+--------+-----+--------+
         Total |  13101 |  12065 |   1036 |    797 |   8287 |  15 |  873.4 |
       Dungeon |  12324 |  11308 |   1016 |    647 |   8023 |  11 | 1120.4 |
        Temple |     57 |     37 |     20 |      0 |      0 |   1 |   57.0 |
         Abyss |    219 |    219 |      0 |    150 |      1 |   1 |  219.0 |
         Sewer |    124 |    124 |      0 |      0 |     65 |   1 |  124.0 |
       Ossuary |    374 |    374 |      0 |      0 |    198 |   1 |  374.0 |
               +--------+--------+--------+--------+--------+-----+--------+

Top non-repeatable levels by time:
     D:5: 1766 daAuts
     D:6: 1687 daAuts
     D:7: 1384 daAuts
     D:8: 1301 daAuts
     D:4: 1224 daAuts
    D:10: 1137 daAuts
     D:2: 1060 daAuts
     D:1: 979 daAuts
     D:3: 742 daAuts
     D:9: 641 daAuts
    D:11: 399 daAuts
 Ossuary: 374 daAuts
 Abyss:2: 219 daAuts
   Sewer: 124 daAuts
  Temple: 57 daAuts
